 Dungeon Crawl Stone Soup version 0.18-a0-822-gb52b7b4 (webtiles) character file.

749 Raultor the Insei (level 7, -2/60 HPs)
             Began as a Mottled Draconian Transmuter on Dec 16, 2015.
             Was a Follower of Okawaru.
             Slain by an ice beast (13 damage)
             ... on level 5 of the Dungeon.
             The game lasted 00:16:46 (5237 turns).

Raultor the Insei (Mottled Draconian Transmuter)    Turns: 5237, Time: 00:16:46

Health: -2/60      AC:  8    Str: 12    XL:     7   Next: 48%
Magic:  10/10      EV: 13    Int: 14    God:    Okawaru [*.....]
Gold:   135        SH:  0    Dex: 13    Spells: 2 memorised, 4 levels left

rFire  + . .     SeeInvis .       - Unarmed
rCold  . . .     Gourm    .     (armour unavailable)
rNeg   . . .     Faith    .     (no shield)
rPois  .         Spirit   .     (helmet restricted)
rElec  .         Dismiss  .     (no cloak)
rCorr  .         Reflect  .     (no gloves)
SustAt .         Harm     .     (no boots)
MR     .....                    (no amulet)
Stlth  +.........               i - +2 ring of protection
                                q - ring of protection from fire {rF+, !d}

@: lethally poisoned (-2 -> -11), not resistant to hostile enchantments, very
unstealthy
A: breathe sticky flame splash, unfitting armour, cold-blooded, AC +6
a: Breathe Sticky Flame, Heroism, Renounce Religion


You were on level 5 of the Dungeon.
You worshipped Okawaru.
Okawaru was aware of your devotion.
You were very hungry.

You visited 2 branches of the dungeon, and saw 6 of its levels.

You collected 135 gold pieces.

Inventory:

Missiles
 a - 86 arrows
Jewellery
 g - an uncursed ring of ice {rC+, rF-}
   (You found it on level 1 of the Dungeon)
 i - a +2 ring of protection (right hand)
   (You found it on level 2 of the Dungeon)
 q - a ring of protection from fire (left hand) {rF+, !d}
   (You found it on level 4 of the Dungeon)
Scrolls
 d - 2 scrolls of enchant weapon {unknown}
 f - 3 scrolls of remove curse {unknown}
 h - 3 scrolls of identify {unknown}
 m - 2 scrolls of random uselessness {unknown}
 p - a scroll of fear {unknown}
 r - a scroll of teleportation {unknown}
 s - a scroll of amnesia {unknown}
Potions
 e - a potion of curing {unknown}
 j - a potion of ambrosia {unknown}
 l - a potion of poison {!q}
 n - 2 potions of mutation {unknown}
 o - a potion of might {unknown}
Books
 b - a book of Changes
Comestibles
 c - 3 bread rations {@e1}
 k - a beef jerky


   Skills:
 + Level 4.3 Fighting
 + Level 3.6 Dodging
 * Level 5.8 Unarmed Combat
 - Level 2.0 Spellcasting
 + Level 4.4 Transmutations


You had 4 spell levels left.
You knew the following spells:

 Your Spells              Type           Power        Failure   Level  Hunger
a - Beastly Appendage     Trmt           ##....       4%          1    ##.....
x - Blade Hands           Trmt           ##........   95%         5    ######.


Dungeon Overview and Level Annotations

Branches:
Dungeon (5/15)             Temple (1/1) D:4

Altars:
Cheibriados
Dithmenos
Elyvilon
Gozag
Kikubaaqudgha
Makhleb
Nemelex Xobeh
Okawaru
Pakellas
Qazlal
Ru
Sif Muna
Trog
Vehumet
Xom
Yredelemnul
Zin
The Shining One
Lugonu

Annotations:
D:3 patman's ghost, weakling TrMo


Innate Abilities, Weirdness & Mutations

You can spit globs of burning liquid.
You can ignite nearby creatures when you spit burning liquid.
Your weird mottled scales are hard (AC +6).
Your body does not fit into most forms of armour.
You are cold-blooded and may be slowed by cold attacks.


Message History

You punch the human zombie! You tail-slap the human zombie.
The human zombie hits you but does no damage.
You hit the human zombie but do no damage.
The human zombie hits you but does no damage.
You barely miss the human zombie. You hit the human zombie.
The human zombie hits you but does no damage.
You punch the human zombie!
You destroy the human zombie!
Okawaru accepts your kill.
There is an open door here.
You start resting.
Health restored: 60
There is an open door here.
You open the door.
An orc skeleton comes into view.
The orc skeleton hits you but does no damage.
There is an open door here.
You hit the orc skeleton. The orc skeleton barely misses you.
You punch the orc skeleton!
You destroy the orc skeleton!
Okawaru accepts your kill.
No target in view!
You open the door.
There is an open door here.
You open the door. You open the door. You open the door.
There is an open door here.
As you open the door, it creaks loudly!
A human skeleton comes into view.
You punch the human skeleton! You tail-slap the human skeleton.
The human skeleton hits you but does no damage.
You hit the human skeleton. The human skeleton closely misses you.
You hit the human skeleton.
You are near starving!
You punch the human skeleton! The human skeleton hits you.
You take 3 damage, and have 57/60 hp.
You barely miss the human skeleton. The human skeleton barely misses you.
You hit the human skeleton.
The human skeleton hits you but does no damage.
You hit the human skeleton. You punch the human skeleton.
You hit the human skeleton. The human skeleton hits you.
You take 2 damage, and have 55/60 hp.
You hit the human skeleton.
The human skeleton hits you but does no damage.
You punch the human skeleton! You hit the human skeleton.
You tail-slap the human skeleton.
You destroy the human skeleton!
Okawaru accepts your kill.
No target in view!
No target in view!
There is an open door here.
There is an open door here.
You are starving!
Health restored: 60 Eat which item? (? for menu, Esc to quit)
You are feeling hungry.
That beef jerky was delicious!
Done exploring.
Done exploring.
There is a staircase to the Ecumenical Temple here.
Sorry, I don't know how to get there.
You climb downwards.
Welcome to the Ecumenical Temple!
There is a staircase back to the Dungeon here.
You climb upwards.
Welcome back to the Dungeon!
There is a staircase to the Ecumenical Temple here.
Sorry, I don't know how to get there.
There is a fountain of clear blue water here.
You see here 10 poisoned needles.
You see here a giant spiked club.
There is a stone staircase leading down here.
You climb downwards.
There is a stone staircase leading up here.
Found a stormy altar of Qazlal.
r - a scroll labeled KIAZAR CEIHIEP
s - a scroll labeled QIREONWEQA You are feeling very hungry.
An ice beast comes into view.
The helpless ice beast fails to defend itself.
You punch the ice beast! You hit the ice beast. The ice beast hits you.
The ice beast freezes you!
You feel yourself slow down.
You take 14 damage, and have 46/60 hp.
MASSIVE DAMAGE!!
You closely miss the ice beast.
Your tail-slap misses the ice beast.
The ice beast hits you. The ice beast freezes you! The ice beast hits you.
The ice beast freezes you!
* * * LOW HITPOINT WARNING * * *
You take 32 damage, and have 14/60 hp.
MASSIVE DAMAGE!!
Drink which item? (? for menu, Esc to quit)
It was a potion of poison.
That liquid tasted very nasty...
You are poisoned.
You feel yourself speed up.
You feel sick. The ice beast hits you.
* * * LOW HITPOINT WARNING * * *
The ice beast freezes you!
You die...

#.# #.# #.#
#.##########
#..........#
##########.#
#.########
#.@Y......
##########


You could see an ice beast.

Vanquished Creatures
  A necrophage (D:3)
  An ogre (D:4)
  2 elf skeletons (D:4)
  The ghost of patman the Skirmisher, a weakling GrBe of Trog (D:4)
  A hound (D:4)
  A centaur skeleton (D:4)
  A human skeleton (D:4)
  A human zombie (D:4)
  3 iguanas (D:4)
  3 worker ants (D:4)
  3 gnolls (D:3)
  4 adders
  An ooze (D:4)
  3 worms
  8 giant geckos
  10 orcs
  6 bats
  3 giant cockroaches
  17 goblins
  8 hobgoblins
  2 jackals (D:3)
  4 kobolds
  4 ball pythons
  6 giant newts
  An orc skeleton (D:4)
  An orc zombie (D:4)
  2 quokka skeletons (D:4)
  6 rats
104 creatures vanquished.

Notes
Turn   | Place    | Note
--------------------------------------------------------------
     0 | D:1      | Raultor the Draconian Transmuter began the quest for the Orb.
     0 | D:1      | Reached XP level 1. HP: 16/16 MP: 3/3
   158 | D:1      | Reached skill level 2 in Dodging
   280 | D:1      | Reached XP level 2. HP: 23/23 MP: 5/5
   326 | D:1      | HP: 5/23 [hobgoblin (3)]
   328 | D:1      | HP: 2/23 [hobgoblin (2)]
  1219 | D:2      | Reached XP level 3. HP: 29/29 MP: 6/6
  1316 | D:2      | Reached skill level 2 in Fighting
  1505 | D:2      | Found a sparkling altar of Nemelex Xobeh.
  1508 | D:2      | Found a shadowy altar of Dithmenos.
  1509 | D:2      | Found a radiant altar of Vehumet.
  1509 | D:2      | Found an ancient bone altar of Kikubaaqudgha.
  1510 | D:2      | Found a white marble altar of Elyvilon.
  1510 | D:2      | Found an iron altar of Okawaru.
  1511 | D:2      | Found an oddly glowing altar of Pakellas.
  1529 | D:2      | Became a worshipper of Warmaster Okawaru
  1695 | D:3      | Noticed a necrophage
  1961 | D:3      | Reached XP level 4. HP: 36/36 MP: 7/7
  2161 | D:3      | Noticed patman's ghost (weakling TrMo)
  2707 | D:3      | Killed a necrophage
  2707 | D:3      | Reached skill level 4 in Unarmed Combat
  2707 | D:3      | Reached skill level 3 in Transmutations
  2707 | D:3      | Reached XP level 5. HP: 36/44 MP: 8/8
  3024 | D:3      | Reached skill level 3 in Fighting
  3397 | D:4      | Learned a level 5 spell: Blade Hands
  3412 | D:4      | Reached XP level 6. HP: 30/51 MP: 7/9
  3476 | D:4      | Noticed patman's ghost (weakling GrBe)
  3866 | D:4      | Reached * piety under Okawaru
  3866 | D:4      | Reached skill level 3 in Dodging
  3901 | D:4      | Reached skill level 5 in Unarmed Combat
  4225 | D:4      | Killed patman's ghost
  4225 | D:4      | Reached skill level 4 in Transmutations
  4290 | D:4      | Found a staircase to the Ecumenical Temple.
  4305 | D:4      | Your scales start taking on a weird mottled colour.
  4305 | D:4      | Reached XP level 7. HP: 41/58 MP: 10/10
  4308 | D:4      | Reached skill level 4 in Fighting
  4399 | Temple   | Entered the Ecumenical Temple
  4458 | D:4      | Found a burning altar of Makhleb.
  4573 | D:4      | Found a shimmering altar of Xom.
  4576 | D:4      | Found an opulent altar of Gozag.
  5182 | D:5      | Entered Level 5 of the Dungeon
  5205 | D:5      | Found a stormy altar of Qazlal.
  5236 | D:5      | HP: 14/60 [ice beast (13)]
  5237 | D:5      | Slain by an ice beast

Vault maps used:
D:1:      lightli_arrival_noodles, st_stairs_1
D:2:      grunt_temple_overflow_open
D:3:      first_bread, minmay_cut_off
D:4:      nicolae_overflow_hidden_temple, minmay_temple_entry_statues_fountains,
          nicolae_ossuary_entry_catacombs
D:5:      basic_altar, led_xom_imps, uniq_pikel
Temple:   corrupted_temple

Action                   |  1- 3 |  4- 6 |  7- 9 || total
-------------------------+-------+-------+-------++-------
Melee: Unarmed           |   173 |   242 |    78 ||   493
 Cast: Beastly Appendage |     5 |    12 |       ||    17
Invok: Heroism           |       |     1 |       ||     1
 Abil: Breathe Sticky Fl |       |       |     2 ||     2
  Use: Potion            |       |       |     1 ||     1
 Stab: Sleeping          |     3 |     1 |     1 ||     5
  Eat: Chunk             |     3 |     7 |     1 ||    11
       Beef jerky        |       |     1 |     1 ||     2

Vault maps used:
D:1:      lightli_arrival_noodles, st_stairs_1
D:2:      grunt_temple_overflow_open
D:3:      first_bread, minmay_cut_off
D:4:      nicolae_overflow_hidden_temple, minmay_temple_entry_statues_fountains,
          nicolae_ossuary_entry_catacombs
D:5:      basic_altar, led_xom_imps, uniq_pikel
Temple:   corrupted_temple

Table legend:
 A = Turns spent in this place as a percentage of turns spent in the entire game.
 B = Non-inter-level travel turns spent in this place as a percentage of non-inter-level travel turns spent in the entire game.
 C = Inter-level travel turns spent in this place as a percentage of turns spent in this place.
 D = Turns resting spent in this place as a percentage of non-inter-level travel turns spent in this place.
 E = Turns spent auto-exploring this place as a percentage of non-inter-level travel turns spent in this place.
 F = Non-inter-level travel turns spent in this place divided by the number of levels of this place that you've seen.
                   A       B       C       D       E      F
               +-------+-------+-------+-------+-------+----------------------
         Total | 100.0 | 100.0 |   1.2 |   3.8 |  10.6 | 214.3
       Dungeon |  98.8 |  98.9 |   1.2 |   3.9 |  10.1 | 254.4
        Temple |   1.2 |   1.1 |   6.7 |   0.0 |  57.1 |  14.0
               +-------+-------+-------+-------+-------+----------------------

Table legend:
 A = Kills in this place as a percentage of kills in entire the game.
 B = Kills by you in this place as a percentage of kills by you in the entire game.
 C = Kills by friends in this place as a percentage of kills by friends in the entire game.
 D = Other kills in this place as a percentage of other kills in the entire game.
 E = Experience gained in this place as a percentage of experience gained in the entire game.
 F = Experience gained in this place divided by the number of levels of this place that you have seen.
                   A       B       C       D       E      F
               +-------+-------+-------+-------+-------+----------------------
         Total | 100.0 | 100.0 |  -nan |  -nan | 100.0 | 178.5
       Dungeon | 100.0 | 100.0 |  -nan |  -nan | 100.0 | 214.2
               +-------+-------+-------+-------+-------+----------------------
